 Dungeon Crawl Stone Soup version 0.24.0-29-g8ce449bc06 (webtiles) character file.

Game seed: 14255187004480587980, levelgen mode: deterministic

98 Matador8 the Conjurer (level 4, -5/33 HPs)
             Began as a Draconian Conjurer on Nov 13, 2019.
             Killed by divine providence
             ... invoked by an orc priest
              (12 damage)
             ... on level 3 of the Dungeon.
             The game lasted 00:11:18 (2916 turns).

Matador8 the Conjurer (Draconian Conjurer)          Turns: 2916, Time: 00:11:18

Health: -5/33      AC:  5    Str: 11    XL:     4   Next: 44%
Magic:  1/9        EV: 17    Int: 16    God:
Gold:   135        SH:  0    Dex: 16    Spells: 5/9 levels left

rFire    . . .     SeeInvis .   a - +0 falchion
rCold    . . .     Gourm    .   (no shield)
rNeg     . . .     Faith    .   (armour unavailable)
rPois    .         Spirit   .   (helmet restricted)
rElec    .         Reflect  .   (no cloak)
rCorr    .         Harm     .   (no gloves)
MR       .....                  (no boots)
Stlth    +++.......             (no amulet)
HPRegen  0.11/turn              (no ring)
MPRegen  0.11/turn              (no ring)

@: agile
A: unfitting armour, cold-blooded, AC +5
a: no special abilities


You were on level 3 of the Dungeon.
You were very hungry.

You visited 1 branch of the dungeon, and saw 3 of its levels.

You collected 135 gold pieces.

Inventory:

Hand Weapons
 a - a +0 falchion (weapon)
Armour
 k - a +0 buckler
Jewellery
 o - a +3 amulet of reflection {unknown}
Wands
 j - a wand of acid (6)
 n - a wand of polymorph (7)
Scrolls
 c - 2 scrolls of random uselessness {unknown}
 d - 7 scrolls of identify {unknown}
 e - 2 scrolls of blinking {unknown}
 f - 2 scrolls of teleportation {unknown}
 i - a scroll of magic mapping {unknown}
 l - a scroll of enchant armour {unknown}
 m - a scroll of remove curse {unknown}
Potions
 g - a potion of agility
 h - 2 potions of curing {unknown}
Comestibles
 b - 5 rations
 p - a chunk of flesh


   Skills:
 - Level 1.7 Dodging
 - Level 1.7 Stealth
 + Level 3.4 Spellcasting
 - Level 5.0 Conjurations
 + Level 0.2 Hexes


You had 5 spell levels left.
You knew the following spells:

 Your Spells              Type           Power        Failure   Level  Hunger
a - Magic Dart            Conj           ###.         2%          1    None
b - Dazzling Spray        Conj/Hex       ##....       19%         3    ###....

Your spell library contained the following spells:

 Spells                   Type           Power        Failure   Level  Hunger
 Searing Ray              Conj           ###...       3%          2    ##.....
 Iskenderun's Mystic Bla  Conj           ###.....     22%         4    ####...
 Fulminant Prism          Conj/Hex       ##........   52%         4    ####...
 Force Lance              Conj/Tloc      ##......     54%         4    ####...


Dungeon Overview and Level Annotations

Branches:
Dungeon (3/15)

Altars:


Innate Abilities, Weirdness & Mutations

Your plain brown scales are hard. (AC +5)
You cannot fit into any form of body armour.
You are cold-blooded and may be slowed by cold attacks.


Message History

The magic dart hits the orc priest but does no damage.
The orc priest is heavily wounded.
The orc priest closely misses you.
You are feeling very hungry.
The orc priest invokes the aid of Beogh against you.
Beogh smites you!
* * * LOW HITPOINT WARNING * * *
Casting: Magic Dart (safe; 2% risk of failure)
Confirm with . or Enter, or press ? or * to list all spells.
Aiming: Dazzling Spray (safe; 19% risk of failure)
Press: ? - help, Shift-Dir - straight line, f/p - orc priest
Aim: an orc priest, wielding a +0 morningstar and wearing a +0 leather armour (heavily wounded)
The spray of energy misses the orc priest.
The orc priest invokes the aid of Beogh against you.
You barely resist.
It was a potion of agility.
You feel agile all of a sudden.
The orc priest calls down the wrath of Beogh upon you.
Beogh smites you!
You die...

##.# #..# #.## #.# ####
#.# ..# ##### #.# #.#
#...# #.#
###.##########...####.#
#.#..........Ko.@....##.#
#.......................#
###.#.######.#.......##.#
#.#.# #.##....####>#
#.#.# ##.#.#...# #.#
#.#.# ###...###.#####.#
###.#[# #.....# ##......#
.$....# #.#...###.#####.#
###.### #.##.#.#.## #.#


You could see an orc priest and a kobold.

Vanquished Creatures
  3 adders (D:2)
  A worm (D:2)
  3 dart slugs (D:1)
  2 leopard geckos
  An orc (D:3)
  2 giant cockroaches
  8 goblins
  5 hobgoblins
  2 jackals (D:3)
  2 quokkas (D:2)
  12 bats
  6 frilled lizards
  6 kobolds
  7 rats
60 creatures vanquished.

Notes
Turn   | Place    | Note
-------+----------+-------------------------------------------
     0 | D:1      | Matador8 the Draconian Conjurer began the quest for the
                  | Orb.
     0 | D:1      | Reached XP level 1. HP: 14/14 MP: 3/3
   173 | D:1      | Reached XP level 2. HP: 20/20 MP: 3/5
   728 | D:1      | Reached XP level 3. HP: 26/26 MP: 1/7
  1382 | D:2      | Learned a level 3 spell: Dazzling Spray
  2117 | D:2      | Reached XP level 4. HP: 29/33 MP: 1/8
  2560 | D:2      | Reached skill level 5 in Conjurations
  2916 | D:3      | Killed from afar by an orc priest

Levels and vault maps discovered:
D:1:      lightli_arrival_chessboard, layout_loops_cross,
          wander_ebering_terrifying_dragon_lair
D:2:      layout_basic, minmay_pentomino_pile
D:3:      layout_loops_ring, first_ration

Skill      XL: |  1  2  3  4 |
---------------+-------------+-----
Spellcasting   | 3 |  3.4
Conjurations   | 5 |  5.0
Dodging        | |  1.7
Stealth        | |  1.7
Hexes          | |  0.2

Action                   |  1- 3 |  4- 6 || total
-------------------------+-------+-------++-------
Melee: Unarmed           |    26 |       ||    26
       Tailslap          |     9 |     8 ||    17
       Falchion          |    62 |    39 ||   101
 Cast: Magic Dart        |    81 |    12 ||    93
       Dazzling Spray    |       |     1 ||     1
  Use: Potion            |       |     1 ||     1
 Stab: Distracted        |     1 |       ||     1
  Eat: Chunk             |     4 |     2 ||     6
Armor: Skin              |    51 |    13 ||    64
Dodge: Dodged            |    86 |    36 ||   122
       Rpst.: Falchion   |    23 |    10 ||    33
